 Dungeon Crawl Stone Soup version 0.32-a0-338-g4f8ebfe289 (webtiles) character file.

Game seed: 9194007912506003923

88 Bnni the Chopper (level 4, -6/40 HPs)
             Began as a Mountain Dwarf Fighter on Feb 17, 2024.
             Mangled by a gnoll
             ... wielding a +1 whip of electrocution
              (19 damage)
             ... on level 2 of the Dungeon.
             The game lasted 00:01:19 (848 turns).

Bnni the Chopper (Mountain Dwarf Fighter)            Turns: 848, Time: 00:01:20

Health: -6/40      AC: 11    Str: 21    XL:     4   Next: 30%
Magic:  4/4        EV:  5    Int:  8    God:
Gold:   45         SH:  4    Dex:  9    Spells: 3/3 levels left

rFire   . . .        a - +0 war axe
rCold   . . .        c - +0 buckler
rNeg    . . .        e - +0 plate armour
rPois   .            (no helmet)
rElec   .            (no cloak)
rCorr   .            (no gloves)
SInv    .            (no boots)
Will    .....        (no amulet) Stlth
                     h - ring of wizardry
HPRegen 0.26/turn    (no ring)
MPRegen 0.09/turn

%: wizardry (x1)
@: no status effects
A: runic magic, artefact enchanting
a: no special abilities


You were on level 2 of the Dungeon.
You visited 1 branch of the dungeon, and saw 2 of its levels.

You collected 45 gold pieces.

Inventory:

Hand Weapons
 a - a +0 war axe (weapon)
Armour
 c - a +0 buckler (worn)
 e - a +0 plate armour (worn)
Jewellery
 h - a ring of wizardry (left hand)
 i - a +6 ring of intelligence
Wands
 m - a wand of mindburst (13)
Scrolls
 f - 2 scrolls of identify {unknown}
 j - a scroll of fog {unknown}
 k - a scroll of noise {unknown}
 l - a scroll of silence {unknown}
Potions
 b - 2 potions of magic {unknown}
 d - a potion of might
 g - a potion of ambrosia {unknown}


   Skills:
 + Level 4.2 Fighting
 * Level 4.7 Axes
 - Level 3.2 Armour
 - Level 3.2 Shields


You had 3 spell levels left.
You didn't know any spells.
Your spell library was empty.

Dungeon Overview and Level Annotations

Branches:
Dungeon (2/15)

Altars:

Shops:
D:1 ?


Innate Abilities, Weirdness & Mutations

Your spellcasting is much less encumbered by armour.
You can use scrolls of enchantment on lesser artefacts.


Message History

The gnoll barely misses you.
The gnoll shouts!
You hit the gnoll.
The gnoll is moderately wounded.
You hear a loud squeak.
A gnoll comes into view.
It is wielding a +1 whip of electrocution.
The gnoll hits you with a +0 whip.
The gnoll shouts!
You hit the gnoll but do no damage.
The gnoll is moderately wounded.
The gnoll hits you but does no damage.
You completely miss the gnoll.
The gnoll is moderately wounded.
The gnoll barely misses you.
You hit the gnoll.
The gnoll is severely wounded.
The gnoll hits you but does no damage.
The gnoll hits you from afar with a +0 halberd!
You block the gnoll's attack. The gnoll attacks as it pursues you!
The gnoll hits you but does no damage.
You hit the gnoll but do no damage.
The gnoll is severely wounded.
The gnoll hits you but does no damage.
You closely miss the gnoll.
The gnoll is severely wounded.
The gnoll hits you but does no damage.
You closely miss the gnoll.
The gnoll is severely wounded.
The gnoll hits you with a +0 whip.
A ribbon worm comes into view.
You slash the gnoll!
You kill the gnoll!
The gnoll hits you with a +1 whip of electrocution.
You are electrocuted!
The gnoll hits you from afar with a +0 halberd.
You are too injured to fight recklessly!
You closely miss the gnoll.
The gnoll hits you with a +1 whip of electrocution.
You are electrocuted!!
You die...

....###...........##.....######
...†###.#.###.#.########......#
....#...........# ######.###
...........##.########### #...#
....#.#.#.###.........?.. ###..
....#.#.#.######........ #...
#...#.#.#.##....(.##.... #...
##### ..........$##.#### #... #
#.##....@#.).# #... #......##g#
#... #..#..##.g# #... .
#..#g.#w #### #...## .# #... .#
.... ## ... ... #


You could see a ribbon worm and 2 gnolls.

Vanquished Creatures
  2 gnolls
  An adder (D:2)
  A dart slug (D:2)
  3 bats
  An endoplasm (D:2)
  3 giant cockroaches
  3 goblins
  7 hobgoblins
  3 kobolds
  2 quokkas (D:1)
  2 ball pythons
  3 frilled lizards
  3 rats
34 creatures vanquished.

Notes
Turn   | Place    | Note
-------+----------+-------------------------------------------
     0 | D:1      | Bnni the Mountain Dwarf Fighter began the quest for the
                  | Orb.
     0 | D:1      | Reached XP level 1. HP: 19/19 MP: 1/1
   116 | D:1      | Reached XP level 2. HP: 26/26 MP: 2/2
   220 | D:1      | Found Fet Omor's Magic Scroll Shop.
   284 | D:1      | Reached XP level 3. HP: 26/33 MP: 3/3
   792 | D:2      | Reached XP level 4. HP: 40/40 MP: 4/4
   848 | D:2      | Mangled by a gnoll

Illustrated notes

Levels and vault maps discovered:
D:1:      mainiacjoe_arrival_oval_in_oval, layout_loops_cross, serial_shops,
          nicolae_square_shop, minmay_misc_feat_roman
D:2:      layout_basic, minmay_pentomino_pile

Skill      XL: |  1  2  3 |
---------------+----------+-----
Axes           | 3 4 |  4.7
Fighting       | 4 |  4.2
Armour         | |  3.2
Shields        | |  3.2

Action                     |  1- 3 |  4- 6 || total
---------------------------+-------+-------++-------
  Melee: War axe           |    69 |    19 ||    88
 Armour: Plate armour      |    67 |    16 ||    83
  Dodge: Dodged            |    17 |     4 ||    21
  Block: Buckler           |    17 |     3 ||    20

Table legend: (Time is in decaauts)
 A = Elapsed time spent in this place.
 B = Non-inter-level travel time spent in this place.
 C = Inter-level travel time spent in this place.
 D = Time resting spent in this place.
 E = Time spent auto-exploring this place.
 F = Levels seen in this place.
 G = Mean time per level.
                   A        B        C        D        E       F      G
               +--------+--------+--------+--------+--------+-----+--------+
         Total |    876 |    853 |     23 |      0 |    614 |   2 |  438.0 |
       Dungeon |    876 |    853 |     23 |      0 |    614 |   2 |  438.0 |
               +--------+--------+--------+--------+--------+-----+--------+

Top non-repeatable levels by time:
     D:1: 640 daAuts
     D:2: 235 daAuts
